 Dungeon Crawl Stone Soup version 0.25.0-10-g039870ee82 (webtiles) character file.

Game seed: 11591189752461308645

4223 sanka the Cutter (level 10, -6/76 HPs)
             Began as a Mummy Enchanter on June 21, 2020.
             Was a Follower of Ru.
             Mangled by a two-headed ogre
             ... wielding a +0 giant club
              (15 damage)
             ... on level 9 of the Dungeon on June 23, 2020.
             The game lasted 00:31:48 (8909 turns).

sanka the Cutter (Mummy Enchanter)                  Turns: 8909, Time: 00:31:48

Health: -6/76      AC:  7    Str: 13    XL:     10   Next: 9%
Magic:  15/16      EV: 15    Int: 21    God:    Ru [*.....]
Gold:   393        SH:  0    Dex: 12    Spells: 8/17 levels left

rFire    . . .     SeeInvis .   a - +10 short sword of Axzul {vorpal, Int+4}
rCold    + + .     Gourm    .   (no shield)
rNeg     + + +     Faith    .   F - +2 robe {MR+}
rPois    ∞         Spirit   .   q - +0 helmet
rElec    .         Reflect  .   C - scarf {rC+ rF+}
rCorr    .         Harm     .   o - +0 pair of gloves
MR       ++...                  E - +0 pair of boots
Stlth    +++.......             f - amulet of regeneration
HPRegen  0.62/turn              (no ring)
MPRegen  0.15/turn              (no ring)

@: no status effects
A: no food or potions, fire vulnerability, cold resistance 1, negative energy
resistance 3, torment resistance, unbreathing, hated by all
a: Renounce Religion


You were on level 9 of the Dungeon.
You worshipped Ru.
Ru was aware of your devotion.
You were not hungry.

You visited 1 branch of the dungeon, and saw 9 of its levels.
You visited the Abyss 1 time.
You also visited: Sewer.

You collected 393 gold pieces.


Innate Abilities, Weirdness & Mutations

You do not eat or drink.
Your flesh is vulnerable to fire.
You are immune to poison.
Your flesh is cold resistant. (rC+)
You are immune to negative energy. (rN+++)
You are immune to unholy pain and torment.
You can survive without breathing.
You are hated by all.


   Skills:
 - Level 6.0 Fighting
 * Level 6.5 Short Blades
 + Level 5.7 Dodging
 + Level 5.6 Stealth
 - Level 4.0 Spellcasting
 - Level 6.0 Hexes
 - Level 1.0 Ice Magic


You had 8 spell levels left.
You knew the following spells:

 Your Spells              Type           Power        Failure   Level  Hunger
y - Dazzling Flash        Conj/Hex       ###...       11%         3    N/A
z - Ensorcelled Hibernat  Hex/Ice        ###...       4%          2    N/A
X - Confusing Touch       Hex            ####....     3%          3    N/A
Z - Corona                Hex            ####...      1%          1    N/A

Your spell library contained the following spells:

 Spells                   Type           Power        Failure   Level  Hunger
 Tukima's Dance           Hex            Unusable     N/A         3    N/A

Inventory:

Hand Weapons
 a - the +10 short sword of Axzul (weapon) {vorpal, Int+4}

   It inflicts extra damage upon your enemies.
   It affects your intelligence (+4).
 b - a +1 vorpal hunting sling
 i - a +0 hunting sling
 p - a +3 scythe of venom
 v - a +1 whip of electrocution
 w - a +1 dagger
 z - a +2 dagger of electrocution
Missiles
 d - 343 stones (quivered)
 m - a throwing net {=f}
 n - 90 sling bullets
 t - 17 poisoned darts
Armour
 c - a +0 robe
 o - a +0 pair of gloves (worn)
 q - a +0 helmet (worn)
 u - a +0 cloak
 C - a scarf of resistance (worn)
 D - a +0 troll leather armour
 E - a +0 pair of boots (worn)
 F - a +2 robe of magic resistance (worn)
Jewellery
 f - an amulet of regeneration (around neck)
 H - an uncursed amulet of the acrobat
Wands
 r - a wand of flame (18)
 s - a wand of disintegration (6)
 A - a wand of clouds (6)
Scrolls
 e - 3 scrolls of fear
 g - a scroll of enchant weapon
 h - 4 scrolls of remove curse
 j - 3 scrolls of magic mapping
 k - 5 scrolls of teleportation {@r4}
 l - a scroll of fog
 x - 2 scrolls of enchant armour
 y - a scroll of blinking
 B - a scroll of holy word {!r}
 G - 3 scrolls of identify {@r1}

Dungeon Overview and Level Annotations

Branches:
Dungeon (9/15)             Temple (0/1) D:6            Lair (0/6) D:8
  Sewer (visited)
    Orc: D:9-12

Altars:
Fedhas
Kikubaaqudgha
Ru

Shops:
D:7

! ▒▒▒▒ ▒▒▒▒▒▒▒▒▒ ▒..▒
▒▒▒▒▒▒▒.......▒▒▒▒▒..▒
.....................▒
▒▒▒▒▒.................▒▒▒▒
▒...▒....................▒
▒=..▒..#.........%.......▒▒▒
▒...'..###...........>......
▒...▒..###OM...............▒
▒...▒..▒▒▒▒▒▒▒▒▒▒▒'▒▒......▒
▒...▒..▒ .........▒▒▒....'
▒...▒..▒ .▒▒▒▒▒▒....▒....▒
▒▒▒▒▒..+ ▒....▒....▒ ...▒
▒....▒....▒ ....▒
▒....▒....▒ ....▒
▒....▒....▒ ..▒▒▒▒
.....▒▒▒....▒


You could see a two-headed ogre (confused).


Message History

The two-headed ogre shouts in stereo!
There is an open door here.
Your hands begin to glow red.
You hit the two-headed ogre but do no damage.
The two-headed ogre hits you with a +0 giant club!!
The two-headed ogre closely misses you.
You barely miss the two-headed ogre.
You hit the two-headed ogre but do no damage.
The two-headed ogre hits you with a +0 giant club!
The two-headed ogre hits you with a +0 giant club!!
* * * LOW HITPOINT WARNING * * *
Evoke which item? (* to show all) (? for menu, Esc to quit)
Aiming: Cloud Cone
Aim: a two-headed ogre, wielding two +0 giant clubs (chance to confuse on hit: 40%)
You create a blast of noxious fumes!
Your hands stop glowing.
The two-headed ogre is engulfed in noxious fumes.
The two-headed ogre appears confused.
The two-headed ogre says, "Why is everything spinning?"
The two-headed ogre hits you with a +0 giant club!
* * * LOW HITPOINT WARNING * * *
The two-headed ogre barely misses you.
You hit the two-headed ogre.
The two-headed ogre is lightly wounded.
You hit the two-headed ogre.
The two-headed ogre is moderately wounded.
The two-headed ogre is engulfed in noxious fumes.
The two-headed ogre hits you but does no damage.
The two-headed ogre hits you with a +0 giant club!
You die...

Action                   |  1- 3 |  4- 6 |  7- 9 | 10-12 || total
-------------------------+-------+-------+-------+-------++-------
Melee: Dagger            |    26 |     1 |       |       ||    27
       Whip              |    38 |   126 |    63 |       ||   227
       Short sword       |       |       |   300 |    61 ||   361
 Fire: Hunting sling     |    55 |    27 |    23 |     8 ||   113
 Cast: Corona            |     9 |       |       |       ||     9
       Ensorcelled Hiber |     7 |     1 |    13 |       ||    21
       Confusing Touch   |       |     6 |    22 |     3 ||    31
Invok: Sacrifice Love    |       |       |     1 |       ||     1
       Reject Sacrifices |       |       |     1 |       ||     1
Evoke: Wand              |       |       |     7 |     1 ||     8
  Use: Scroll            |       |     4 |    12 |       ||    16
 Stab: Sleeping          |     5 |     4 |    12 |     1 ||    22
       Confused          |       |     3 |     6 |     1 ||    10
       Distracted        |       |     1 |       |       ||     1
Armor: Robe              |    12 |    20 |    42 |     9 ||    83
       Troll leather arm |       |       |    18 |       ||    18
Dodge: Dodged            |    58 |    88 |   223 |    29 ||   398

Levels and vault maps discovered:
D:1:      mrwooster_arrival_statue, layout_loops_ring, minmay_misc_feat_pillars
D:2:      layout_basic
D:3:      layout_rooms, nicolae_ru_sacrificial_ziggurat, fedhas_altar_1
D:4:      layout_basic, tgw_kikubaaqudgha, uniq_robin, uniq_sigmund
D:5:      layout_basic, first_ration, cheibrodos_sewer_entry_sluice, st_stairs_1
D:6:      layout_basic, minmay_temple_entry_wispy, basic_altar
D:7:      layout_basic, serial_shops, nicolae_shop_competitors_out_of_business
D:8:      layout_basic, lair_entry_dummy, hangedman_little_slice_of_home,
          uniq_psyche
D:9:      layout_irregular_city

Notes
Turn   | Place    | Note
-------+----------+-------------------------------------------
     0 | D:1      | sanka the Mummy Enchanter began the quest for the Orb.
     0 | D:1      | Reached XP level 1. HP: 13/13 MP: 4/4
   387 | D:1      | Reached skill level 3 in Spellcasting
   725 | D:1      | Reached skill level 3 in Hexes
   812 | D:1      | Reached XP level 2. HP: 16/19 MP: 3/6
  1004 | D:1      | Learned a level 2 spell: Ensorcelled Hibernation
  1159 | D:2      | Reached XP level 3. HP: 24/24 MP: 5/7
  1183 | D:2      | Learned a level 3 spell: Confusing Touch
  1295 | D:2      | Reached skill level 4 in Hexes
  1966 | D:1      | Reached XP level 4. HP: 29/30 MP: 8/8
  1991 | D:1      | Learned a level 3 spell: Tukima's Dance
  2534 | D:3      | Upgraded the game from 0.25.0-9-g26727b657a to
                  | 0.25.0-10-g039870ee82
  2603 | D:3      | Reached skill level 5 in Hexes
  2748 | D:3      | Reached XP level 5. HP: 34/35 MP: 9/9
  2801 | D:3      | Noticed an ice beast
  2819 | D:3      | Killed an ice beast
  2819 | D:3      | Reached skill level 4 in Spellcasting
  2947 | D:3      | Found a blossoming altar of Fedhas.
  2966 | D:3      | Reached XP level 6. HP: 42/42 MP: 9/12
  3089 | D:3      | Found a sacrificial altar of Ru.
  3128 | D:3      | HP: 2/42 [orc/+0 trident (9)]
  3220 | D:3      | Reached skill level 1 in Fighting
  3274 | D:3      | Became a worshipper of Ru the Awakened
  3511 | D:4      | Noticed Sigmund
  3523 | D:4      | Killed Sigmund
  3523 | D:4      | Reached skill level 2 in Fighting
  3523 | D:4      | Reached skill level 2 in Dodging
  3523 | D:4      | Reached skill level 1 in Ice Magic
  3571 | D:4      | Reached skill level 6 in Hexes
  3571 | D:4      | Reached XP level 7. HP: 51/51 MP: 13/13
  3643 | D:4      | Noticed Robin
  3705 | D:4      | Killed Robin
  3954 | D:4      | Reached skill level 3 in Fighting
  4055 | D:4      | Reached skill level 3 in Dodging
  4072 | D:4      | Got a pitted short sword
  4073 | D:4      | Identified the +10 short sword of Axzul {vorpal, Int+4}
                  | (You found it on level 4 of the Dungeon)
  4441 | D:4      | Found an ancient bone altar of Kikubaaqudgha.
  4443 | D:4      | Noticed a human
  4445 | D:4      | Killed a human
  4467 | D:4      | Gained mutation: You are hated by all. [Ru sacrifice]
  4467 | D:4      | Reached * piety under Ru
  4651 | D:5      | Entered Level 5 of the Dungeon
  4796 | D:5      | Reached skill level 1 in Short Blades
  5094 | D:5      | Found a glowing drain.
  5123 | Sewer    | Entered a sewer
  5216 | Sewer    | Noticed Purgy
  5228 | Sewer    | Killed Purgy
  5310 | D:5      | Reached skill level 3 in Stealth
  5366 | D:5      | Reached XP level 8. HP: 60/60 MP: 14/14
  5371 | D:5      | Reached skill level 4 in Fighting
  5636 | D:6      | Reached skill level 2 in Short Blades
  5815 | D:6      | Reached skill level 3 in Short Blades
  5863 | D:6      | Reached skill level 4 in Dodging
  5976 | D:6      | Found a staircase to the Ecumenical Temple.
  6086 | D:6      | Noticed a troll
  6123 | D:6      | Killed a troll
  6123 | D:6      | Reached skill level 5 in Fighting
  6123 | D:6      | Reached skill level 4 in Short Blades
  6123 | D:6      | Reached skill level 4 in Stealth
  6208 | D:6      | Found a blossoming altar of Fedhas.
  6357 | D:6      | Learned a level 3 spell: Dazzling Flash
  6385 | D:6      | Reached XP level 9. HP: 68/68 MP: 11/15
  6520 | D:7      | Identified a scarf of resistance (You found it on level 7
                  | of the Dungeon)
  6818 | D:7      | Found Uptiw's Distillery.
  7359 | D:8      | Reached skill level 5 in Short Blades
  7529 | D:8      | Reached skill level 5 in Dodging
  7650 | D:8      | Found a staircase to the Lair.
  7711 | D:8      | Noticed Psyche
  7732 | D:8      | Cast into level 1 of the Abyss (Psyche)
  7772 | D:8      | Escaped the Abyss
  7916 | D:8      | Noticed a purple ugly thing
  8070 | D:8      | Killed Psyche
  8070 | D:8      | Reached skill level 6 in Fighting
  8070 | D:8      | Reached skill level 5 in Stealth
  8120 | D:8      | Killed a purple ugly thing
  8120 | D:8      | Reached skill level 6 in Short Blades
  8384 | D:8      | Reached XP level 10. HP: 75/76 MP: 16/16
  8893 | D:9      | Noticed a two-headed ogre
  8909 | D:9      | Mangled by a two-headed ogre

Vanquished Creatures
  An ugly thing (D:8)
  Psyche (D:8)
  A troll (D:6)
  Sigmund (D:4)
  An orc warrior (D:6)
  Purgy (Sewer)
  An ice beast (D:3)
  A phantom (D:9)
  3 sky beasts
  5 ogres
  A black bear (D:6)
  A wyvern zombie (D:7)
  2 bullfrogs
  3 scorpions
  6 killer bees (D:8)
  2 howler monkeys (D:4)
  A crimson imp (D:4)
  A quasit (D:7)
  A bullfrog zombie (D:7)
  4 jellies
  3 iguanas
  7 orc priests
  A centaur skeleton (D:7)
  2 hounds
  6 orc wizards
  A bullfrog skeleton (D:5)
  7 worker ants
  A killer bee zombie (D:5)
  Robin (D:4)
  10 adders
  A river rat (D:5)
  3 shadow imps
  5 oozes (D:8)
  2 adder skeletons
  3 adder zombies
  6 worms
  3 dart slugs
  3 leopard geckos
  33 orcs
  2 ball pythons
  4 giant cockroaches
  14 goblins
  7 hobgoblins
  17 jackals
  4 quokkas
  4 bats
  7 frilled lizards
  A jackal skeleton (D:4)
  9 kobolds
  A leopard gecko zombie (D:7)
  9 rats
215 creatures vanquished.

Vanquished Creatures (others)
  A human (D:4)
  An orc (D:6)
2 creatures vanquished.

Grand Total: 217 creatures vanquished
